 Dungeon Crawl Stone Soup version 0.31-a0-232-gb1c03b2570 (webtiles) character file.

Game seed: 4913634037330880053

59 qw the Shooter (level 3, 0/29 HPs)
             Began as a Minotaur Hexslinger on July 6, 2023.
             Slain by a hound (4 damage)
             ... on level 3 of the Dungeon.
             The game lasted 00:00:38 (1660 turns).

qw the Shooter (Minotaur Hexslinger)                Turns: 1660, Time: 00:00:38

Health: 0/29       AC:  5    Str: 12    XL:     3   Next: 78%
Magic:  3/3        EV: 11    Int: 10    God:
Gold:   84         SH:  0    Dex: 14    Spells: 3/4 levels left

rFire   . . .        Y - +1 sling
rCold   . . .        (no shield)
rNeg    . . .        d - +0 ring mail
rPois   .            (helmet restricted)
rElec   .            (no cloak)
rCorr   .            (no gloves)
SInv    .            (no boots)
Will    .....        (no amulet)
Stlth   +            (no ring)
HPRegen 0.24/turn    (no ring)
MPRegen 0.08/turn

%: no passive effects
@: no status effects
A: horns 2, retaliatory headbutt
a: no special abilities


You were on level 3 of the Dungeon.
You visited 1 branch of the dungeon, and saw 3 of its levels.

You collected 84 gold pieces.


Innate Abilities, Weirdness & Mutations

You have a pair of horns on your head.
You reflexively headbutt those who attack you in melee.


   Skills:
 - Level 2.1 Fighting
 + Level 4.1 Ranged Weapons
 - Level 1.1 Armour
 - Level 2.1 Dodging
 - Level 1.0 Spellcasting
 - Level 2.0 Hexes


You had 3 spell levels left.
You knew the following spells:

 Your Spells              Type           Power      Damage    Failure   Level
a - Slow                  Hex            16%        N/A       34%         1

Your spell library contained the following spells:

 Spells                   Type           Power      Damage    Failure   Level
 Inner Flame              Hex/Fire       2%         N/A       83%         3
 Portal Projectile        Hex/Tloc       4%         N/A       83%         3
 Cause Fear               Hex            2%         N/A       98%         4

Inventory:

Hand Weapons
 Y - a +1 sling (weapon)
Armour
 d - a +0 ring mail (worn)
Potions
 e - a potion of curing
 f - a potion of mutation {unknown}
 g - a potion of haste {unknown}

Dungeon Overview and Level Annotations

Branches:
Dungeon (3/15)

Altars:
Nemelex Xobeh

Annotations:
D:3 Natasha


Message History

Natasha is lightly wounded.
The hound bites you but does no damage. The hound completely misses you.
You shoot a sling bullet. The sling bullet misses the hound.
The sling bullet hits Natasha.
Natasha is moderately wounded.
The hound closely misses you.
Natasha growls.
The hound bites you but does no damage.
Natasha mumbles some strange words.
You shoot a sling bullet.
The sling bullet closely misses the hound.
The sling bullet hits Natasha but does no damage.
Natasha is moderately wounded.
The hound bites you but does no damage. x2
You shoot a sling bullet. The sling bullet misses the hound.
The sling bullet hits Natasha.
Natasha is heavily wounded.
The hound bites you.
The cerulean imp hits you from afar with a +1 spear.
The hound barely misses you. You furiously retaliate!
You headbutt the hound.
Natasha casts a spell.
You shoot a sling bullet.
The sling bullet hits the hound but does no damage.
The hound is heavily wounded.
The hound bites you but does no damage.
The cerulean imp hits you from afar with a +1 spear.
You shoot a sling bullet.
The sling bullet hits the hound but does no damage.
The hound is heavily wounded.
The hound bites you. The hound barely misses you. You furiously retaliate!
You headbutt the hound. The cerulean imp completely misses you.
You shoot a sling bullet.
The sling bullet barely misses the hound.
The sling bullet barely misses Natasha.
The hound bites you.
Natasha mumbles some strange words.
The cerulean imp barely misses you.
The cerulean imp hits you from afar with a +0 spear.
The hound bites you.
You die...

#.# #.# #.# #.# #.#
#### #.# ..... #.#
.....5############.#
...>.hh@...........#
...5.5##############
?.... [... ... .. .


You could see a hound, Natasha and 3 cerulean imps.

Vanquished Creatures
  An adder (D:2)
  A dart slug (D:2)
  4 endoplasms
  3 giant cockroaches
  6 goblins
  5 hobgoblins
  3 jackals (D:1)
  2 quokkas (D:1)
  5 ball pythons
  6 bats
  3 frilled lizards (D:2)
  3 kobolds
  3 rats
45 creatures vanquished.

Notes
Turn   | Place    | Note
-------+----------+-------------------------------------------
     0 | D:1      | qw the Minotaur Hexslinger began the quest for the Orb.
     0 | D:1      | Reached XP level 1. HP: 16/16 MP: 1/1
     0 | D:1      | 0 ||| qw: Version: 0.3-a-46-gb1f654a
     0 | D:1      | 0 ||| qw: Game counter: 1935
     0 | D:1      | 0 ||| qw: Melee chars always use a shield: true
     0 | D:1      | 0 ||| qw: God list: Okawaru
     0 | D:1      | 0 ||| qw: Allow faded altars: false
     0 | D:1      | 0 ||| qw: Do Orc after clearing Dungeon:15 true
     0 | D:1      | 0 ||| qw: Do second Lair branch before Depths: true
     0 | D:1      | 0 ||| qw: Lair rune preference: random
     0 | D:1      | 0 ||| qw: Goals: Normal
     0 | D:1      | 0 ||| PLANNING D:1-11
   138 | D:1      | Reached skill level 3 in Ranged Weapons
   166 | D:1      | Reached XP level 2. HP: 23/23 MP: 2/2
   313 | D:1      | Found a faded altar of an unknown god.
   491 | D:1      | 491 ||| UPGRADING to +0 ring mail.
   501 | D:1      | 501 ||| DROPPING +0 robe.
   502 | D:1      | 502 ||| DROPPING scroll of poison.
   512 | D:2      | 512 ||| STAIRDANCE
   576 | D:2      | Reached XP level 3. HP: 29/29 MP: 3/3
  1171 | D:2      | Reached skill level 4 in Ranged Weapons
  1212 | D:2      | Found a sparkling altar of Nemelex Xobeh.
  1332 | D:2      | Reached skill level 1 in Armour
  1585 | D:2      | 1585 ||| DROPPING ring of wizardry.
  1586 | D:2      | 1586 ||| READING scroll labelled WIAZXE NEWNURPH.
  1591 | D:2      | 1591 ||| READING 2 scrolls labelled CONASE AWNOUNI.
  1592 | D:2      | 1592 ||| READING scroll labelled LEIRRA ITUBLYT.
  1593 | D:2      | 1593 ||| DRINKING 2 white potions.
  1594 | D:2      | 1594 ||| DROPPING scroll of revelation.
  1648 | D:3      | Noticed Natasha
  1659 | D:3      | HP: 6/29 [hound (2)]
  1660 | D:3      | Slain by a hound

Levels and vault maps discovered:
D:1:      dpeg_chamrin_arrival_tetris, layout_rooms,
          dilly_ecumenical_altar_fadedgnrine
D:2:      minmay_skewed_foursquare, layout_basic, serial_forest,
          infiniplex_forest_clump_cross, infiniplex_forest_clump_cross,
          infiniplex_forest_clump_double, infiniplex_forest_corner_1,
          infiniplex_forest_straight_5, infiniplex_forest_lined_2,
          infiniplex_forest_lined_3, infiniplex_forest_straight_4,
          infiniplex_forest_end_3, infiniplex_forest_lined_room_, basic_altar
D:3:      layout_basic, mainiacjoe_overflow_alcove_1, supply_closet_lemuel,
          uniq_natasha

Skill      XL: |  1  2  3 |
---------------+----------+-----
Ranged Weapons | 3 4 |  4.1
Fighting       | 2 |  2.1
Armour         | 1 |  1.1
Dodging        | |  2.1
Spellcasting   | |  1.0
Hexes          | |  2.0

Action                     || total
---------------------------++-------
   Fire: Sling             ||   136
    Use: Scroll            ||     3
         Potion            ||     1
 Armour: Robe              ||     7
         Ring mail         ||    13
  Dodge: Dodged            ||    49

Table legend:
 A = Non-vault XP
 B = Vault XP
 C = Vault XP percentage of total XP
 D = Non-vault monster count
 E = Vault monster count
 F = Vault count percentage of total count
                 A         B        C        D         E       F
            +---------+---------+-------+---------+---------+-------
      Total |      66 |      19 |  22.4 |      40 |       5 |  11.1
            +---------+---------+-------+---------+---------+-------
        D:1 |      35 |       0 |   0.0 |      21 |       0 |   0.0
        D:2 |      30 |      19 |  38.8 |      18 |       5 |  21.7
        D:3 |       1 |       0 |   0.0 |       1 |       0 |   0.0
            +---------+---------+-------+---------+---------+-------
